 Dungeon Crawl Stone Soup version 0.29.1-2-gbd0b4ee654 (webtiles) character file.

Game seed: 9043993973396837464

42 H0rd4k the Insei (level 3, -1/23 HPs)
             Began as an Octopode Transmuter on Oct 26, 2022.
             Killed from afar by Sigmund (8 damage)
             ... with a puff of flame
             ... on level 2 of the Dungeon.
             The game lasted 00:01:17 (1456 turns).

H0rd4k the Insei (Octopode Transmuter)              Turns: 1456, Time: 00:01:17

Health: -1/23      AC:  1    Str:  9    XL:     3   Next: 56%
Magic:  6/6        EV: 13    Int: 17    God:
Gold:   48         SH:  0    Dex: 12    Spells: 5/6 levels left

rFire   . . .      SeeInvis .     - Unarmed
rCold   . . .      Faith    .   (no shield)
rNeg    . . .      Spirit   .   (helmet restricted)
rPois   .          Reflect  .   (no amulet)
rElec   .          Harm     .   (no ring)
rCorr   .          Rampage  .   (no ring)
Will    .....                   (no ring)
Stlth   ++........              (no ring)
HPRegen 0.07/turn               (no ring)
MPRegen 0.10/turn               (no ring)
                                (no ring)
                                (no ring)

@: no status effects
A: almost no armour, amphibious, 8 rings, camouflage 1, gelatinous body 1,
(nimble swimmer 1), tentacles
a: no special abilities


You were on level 2 of the Dungeon.
You visited 1 branch of the dungeon, and saw 2 of its levels.

You collected 48 gold pieces.

Inventory:

Scrolls
 b - 2 scrolls of identify {unknown}
 c - a scroll of summoning {unknown}
Potions
 a - 2 potions of lignification
 d - a potion of degeneration {unknown}
 e - a potion of heal wounds {unknown}
 f - a potion of ambrosia {unknown}


   Skills:
 + Level 1.0 Fighting
 + Level 2.4 Dodging
 + Level 3.9 Unarmed Combat
 + Level 2.2 Spellcasting
 + Level 2.1 Transmutations


You had 5 spell levels left.
You knew the following spells:

 Your Spells              Type           Power      Damage    Failure   Level
a - Beastly Appendage     Tmut           18%        N/A       8%          1

Your spell library contained the following spells:

 Spells                   Type           Power      Damage    Failure   Level
 Sting                    Tmut/Pois      20%        1d4       12%         1
 Wereblood                Tmut           9%         N/A       12%         2
 Poisonous Vapours        Pois/Air       2%         N/A       28%         2
 Spider Form              Tmut/Pois      5%         N/A       36%         3
 Ice Form                 Ice/Tmut       5%         N/A       77%         4
 Olgreb's Toxic Radiance  Pois           1%         N/A       88%         4


Dungeon Overview and Level Annotations

Branches:
Dungeon (2/15)

Altars:

Shops:
D:1 [

Annotations:
D:1 exclusion: 2 downstairs
D:2 Sigmund, Terence


Innate Abilities, Weirdness & Mutations

You cannot wear most types of armour.
You are amphibious.
You can wear up to eight rings at the same time.
Your skin changes colour to match your surroundings (Stealth+).
Your rubbery body absorbs attacks. (AC +1, EV +1)
((You are camouflaged when in or above water. (Stealth+)))
You have tentacles for arms and can constrict up to eight enemies at once.


Message History

You tentacle-slap the worm.
You kill the worm!
You see here a worm corpse.
The ball python bites you but does no damage.
The ball python grabs you. The ball python constricts you.
You tentacle-slap the ball python. Your grab misses the ball python.
You pierce the ball python.
You kill the ball python!
You see here a ball python corpse.
You aren't carrying any pieces of jewellery.
Unknown command.
Magic restored.
Your transformation is almost over.
Terence is nearby!
Terence is nearby!
Terence is nearby!
You see here a ball python corpse.
Your tentacle spike disappears.
You see here a ball python corpse.
The hobgoblin shouts!
The hobgoblin barely misses you.
You barely miss the hobgoblin. You grab the hobgoblin.
You squeeze the hobgoblin.
The hobgoblin is almost dead.
You constrict the hobgoblin.
You kill the hobgoblin!
Sigmund screams, "Die, monster!"
Terence shouts!
You see here a ball python corpse.
You see here a +0 robe.
Terence hits you with a +0 hand axe. Terence attacks as you move away!
Terence closely misses you.
Sigmund points at you and mumbles some strange words.
The magic dart hits you! Terence shouts, "Now you die!"
Terence attacks as you move away! Terence hits you with a +0 hand axe.
Terence attacks as you move away! Terence barely misses you.
Sigmund casts a spell at you. The puff of flame hits you!
You die...

#............#.......
#...............##...
#..†....[.......##...
#......#..†..........
#.......@.##.#.......
#####.....##.........
##@....###.)......
#......# #........
#@#....###........
#........#........
#..#.#.#...#......
####†.#.#.....###.#?#
#.....#.#.....# #...#
#...†##.......# #....
#....#........# #...<
#...##.........≈....†
.......
.........~.....


You could see Sigmund and Terence.

Vanquished Creatures
  A worm (D:2)
  An orc (D:2)
  4 bats
  4 endoplasms
  A giant cockroach (D:1)
  A goblin (D:1)
  4 hobgoblins
  4 jackals (D:1)
  A kobold (D:1)
  2 quokkas (D:1)
  6 ball pythons
  4 rats
33 creatures vanquished.

Notes
Turn   | Place    | Note
-------+----------+-------------------------------------------
     0 | D:1      | H0rd4k the Octopode Transmuter began the quest for the Orb.
     0 | D:1      | Reached XP level 1. HP: 13/13 MP: 3/3
    52 | D:1      | Reached XP level 2. HP: 15/18 MP: 5/5
   251 | D:1      | Found Kesy's Antique Armour Shoppe.
  1014 | D:2      | Noticed Sigmund
  1016 | D:2      | Reached XP level 3. HP: 23/23 MP: 6/6
  1056 | D:2      | Noticed Terence
  1456 | D:2      | Killed from afar by Sigmund

Illustrated notes

Levels and vault maps discovered:
D:1:      co_arrival_square_in_a_square_in_a_square, layout_basic, serial_shops,
          shop
D:2:      layout_rooms, chequers_serial_rivers_room_a,
          chequers_serial_rivers_small_3, chequers_serial_rivers_micro_b,
          uniq_sigmund, uniq_terence

Action                   || total
-------------------------++-------
Melee: Unarmed           ||    73
       Tentacles         ||    16
       Constrict         ||    18
       Kick              ||     2
 Cast: Beastly Appendage ||     1
 Stab: Sleeping          ||     5
Armor: Skin              ||     5
Dodge: Dodged            ||    55
